 Dungeon Sprint DCSS version 0.18.1-1-g2f07953 (webtiles) character file.

2649360 pipel the Conqueror (level 27, 298/298 HPs)
             Began as a Deep Dwarf Berserker on May 7, 2016.
             Was the Champion of Makhleb.
             Escaped with the Orb!
             The game lasted 02:22:46 (7966 turns).

pipel the Conqueror (Deep Dwarf Berserker)          Turns: 7966, Time: 02:22:47

Health: 298/298    AC: 57    Str: 30    XL:     27
Magic:  18/39      EV: 31    Int: 18    God:    Makhleb [******]
Gold:   25564      SH:  0    Dex: 28    Spells: 13 memorised, 0 levels left

rFire  + + +     SeeInvis +     E - +4 executioner's axe (pain)
rCold  + + .     Gourm    +     d - +12 gold dragon armour
rNeg   + + +     Faith    .     (shield currently unavailable)
rPois  ∞         Spirit   .     I - +0 hat of Amorality {rElec rF+ Str+6 Dex-2}
rElec  +         Dismiss  .     C - +0 cloak of the Bulwark {rPois Str-5 Dex+8}
rCorr  +         Reflect  .     B - +4 pair of gloves of the Bagpipe {Dex+6}
SustAt .         Harm     .     x - +2 pair of boots "Totenel" {Regen+ rCorr}
MR     +++++     NoTele   +     D - amulet "Xumud" {Gourm rN+ Dex+3}
Stlth  ..........               F - ring "Xoruymme" {rPois rF+ MR++ MP-9 Int+3}
                                V - ring "Lil Zen" {rF+ Int+3 SInv}

@: lich-form, non-regenerating, almost entirely resistant to hostile
enchantments, extremely unstealthy
A: damage resistance, recharge devices, horns 1, negative energy resistance 1,
sense surroundings 3, slow regeneration 3
a: Device Recharging, End Transformation, Minor Destruction, Lesser Servant of
Makhleb, Major Destruction, Greater Servant of Makhleb, Renounce Religion
0: Orb of Zot
}: 10/15 runes: decaying, barnacled, slimy, silver, golden, iron, bone, demonic,
fiery, mossy


You escaped.
You worshipped Makhleb.
Makhleb was exalted by your worship.
You were not hungry.
You were a lich.
You visited 1 branch You collected 42960 gold pieces.
You spent 17396 gold pieces at shops.

Inventory:

Hand Weapons
 b - the +10 executioner's axe of the World {holy, rPois Str+6 Int+3}
   (Trog gifted it to you in the Dungeon)

   It has been blessed by the Shining One to cause great damage to the undead
   and demons.
   It affects your strength (+6).
   It affects your intelligence (+3).
   It protects you from poison.
 r - a +9 antimagic executioner's axe
 v - a +9 vampiric battleaxe
 E - a +4 executioner's axe of pain (weapon)
 Q - a +1 executioner's axe of electrocution
Armour
 d - a +12 gold dragon armour (worn)
 x - the +2 pair of boots "Totenel" (worn) {Regen+ rCorr}
   (You bought it in a shop in the Dungeon)

   It increases your rate of regeneration.
   It protects you from acid and corrosion.
 B - the +4 pair of gloves of the Bagpipe (worn) {Dex+6}
   (You bought it in a shop in the Dungeon)

   It affects your dexterity (+6).
 C - the +0 cloak of the Bulwark (worn) {rPois Str-5 Dex+8}
   (You bought it in a shop in the Dungeon)

   It affects your strength (-5).
   It affects your dexterity (+8).
   It protects you from poison.
 I - the +0 hat of Amorality (worn) {rElec rF+ Str+6 Dex-2}
   (You bought it in a shop in the Dungeon)

   It affects your strength (+6).
   It affects your dexterity (-2).
   It protects you from fire.
   It insulates you from electricity.
Jewellery
 o - the amulet of the Tarantula {Spirit *Drain rElec rF++ Dex-2}
   (You bought it in a shop in the Dungeon)

   [amulet of guardian spirit]

   It causes incoming damage to be split between your health and magic.
   It affects your dexterity (-2).
   It greatly protects you from fire.
   It insulates you from electricity.
   It causes draining when unequipped.
 p - the ring of Tochol {rC+ MR+ Str+2 Int+2}
   (You bought it in a shop in the Dungeon)

   [ring of protection from magic]

   It affects your strength (+2).
   It affects your intelligence (+2).
   It protects you from cold.
   It affects your resistance to hostile enchantments.
 q - the ring of Baufodgh {rC+ AC+3}
   (You bought it in a shop in the Dungeon)

   [ring of protection]

   It affects your AC (+3).
   It protects you from cold.
 t - the amulet "Jaihoysh" {RegenMP rPois MP+9 Str+2 Int-5}
   (You bought it in a shop in the Dungeon)

   [amulet of magic regeneration]

   It increases your magic regeneration.
   It affects your strength (+2).
   It affects your intelligence (-5).
   It protects you from poison.
   It affects your magic capacity (+9).
 w - the ring of the Camelopard {Fire Str+7 Stlth-}
   (You bought it in a shop in the Dungeon)

   [ring of fire]

   It enhances your fire magic, and weakens your ice magic.
   It affects your strength (+7).
   It protects you from fire.
   It makes you vulnerable to cold.
   It makes you less stealthy.
 D - the amulet "Xumud" (around neck) {Gourm rN+ Dex+3}
   (You bought it in a shop in the Dungeon)

   [amulet of the gourmand]

   It allows you to eat raw meat even when not hungry.
   It affects your dexterity (+3).
   It protects you from negative energy.
 F - the ring "Xoruymme" (right hand) {rPois rF+ MR++ MP-9 Int+3}
   (You found it in the Dungeon)

   [ring of protection from fire]

   It affects your intelligence (+3).
   It protects you from fire.
   It protects you from poison.
   It affects your resistance to hostile enchantments.
   It affects your magic capacity (-9).
 J - the ring "Ytareuro" {Wiz *Corrode rF+ Str+4}
   (You bought it in a shop in the Dungeon)

   [ring of wizardry]

   It improves your spell success rate.
   It affects your strength (+4).
   It protects you from fire.
   It may corrode you when you take damage.
 R - the ring "Tesojont" {+Fly rPois Dex+7}
   (You bought it in a shop in the Dungeon)

   [ring of flight]

   It affects your dexterity (+7).
   It protects you from poison.
   It lets you fly.
 S - the ring of Joy {rC+ AC+6}
   (You bought it in a shop in the Dungeon)

   [ring of protection]

   It affects your AC (+6).
   It protects you from cold.
 T - the ring "Olegel" {rF++ MR+++ Str-4 Dex-3 Slay+2}
   (You bought it in a shop in the Dungeon)

   [ring of slaying]

   It affects your strength (-4).
   It affects your dexterity (-3).
   It affects your accuracy and damage with ranged weapons and melee attacks
   (+2).
   It greatly protects you from fire.
   It affects your resistance to hostile enchantments.
 U - the ring "Boihabid" {rC+ Stlth-}
   (You bought it in a shop in the Dungeon)

   [ring of loudness]

   It protects you from cold.
   It makes you less stealthy.
 V - the ring "Lil Zen" (left hand) {rF+ Int+3 SInv}
   (You bought it in a shop in the Dungeon)

   [ring of protection from fire]

   It affects your intelligence (+3).
   It protects you from fire.
   It lets you see invisible.
 W - the ring of Saitik {rElec rPois AC+6 Slay+3}
   (You bought it in a shop in the Dungeon)

   [ring of protection]

   It affects your AC (+6).
   It affects your accuracy and damage with ranged weapons and melee attacks
   (+3).
   It insulates you from electricity.
   It protects you from poison.
 X - the ring of the Jester {rC+ MR+ MP+9 Str-2 Int+3}
   (You bought it in a shop in the Dungeon)

   [ring of protection from magic]

   It affects your strength (-2).
   It affects your intelligence (+3).
   It protects you from cold.
   It affects your resistance to hostile enchantments.
   It affects your magic capacity (+9).
 Y - the ring "Xecailee" {+Blink rF+ Slay+3}
   (You bought it in a shop in the Dungeon)

   [ring of protection from fire]

   It affects your accuracy and damage with ranged weapons and melee attacks
   (+3).
   It protects you from fire.
   It lets you blink.
Wands
 c - a wand of heal wounds (1/9)
 l - a wand of acid (0/15)
 m - a wand of iceblast (1/15)
 O - a wand of heal wounds (5/9)
Scrolls
 j - 12 scrolls of blinking
 n - 15 scrolls of fog
 u - 8 scrolls of identify
 G - 12 scrolls of remove curse
Potions
 e - 20 potions of curing
 f - 6 potions of agility
 g - 11 potions of haste
 h - 2 potions of magic
 i - 4 potions of berserk rage
 k - 7 potions of resistance
 s - a potion of experience
 z - 7 potions of might
 A - 5 potions of brilliance
 N - 2 potions of ambrosia
Books
 a - a book of the Earth

   Spells                             Type                      Level
   a - Leda's Liquefaction            Hexes/Earth                  4
   b - Bolt of Magma                  Conjuration/Fire/Earth       5
   c - Statue Form                    Transmutation/Earth          6
   d - Iron Shot                      Conjuration/Earth            6
   e - Shatter                        Earth                        9
 K - a book of Summonings

   Spells                             Type                      Level
   a - Recall                         Summoning/Translocation      3
   b - Aura of Abjuration             Summoning                    5
   c - Summon Demon                   Summoning                    5
   d - Summon Forest                  Summoning/Translocation      5
   e - Summon Mana Viper              Hexes/Summoning              5
   f - Shadow Creatures               Summoning                    6
 M - a book of the Sky

   Spells                             Type                      Level
   a - Summon Lightning Spire         Summoning/Air                4
   b - Airstrike                      Air                          4
   c - Silence                        Hexes/Air                    5
   d - Deflect Missiles               Charms/Air                   6
   e - Conjure Ball Lightning         Conjuration/Air              6
   f - Tornado                        Air                          9
Miscellaneous
 y - a quad damage
 H - a quad damage
 P - a crystal ball of energy
Comestibles
 L - 15 royal jellies


   Skills:
 O Level 27 Fighting
 O Level 27 Axes
   Level 0.5(16.1) Polearms
 - Level 2.7 Throwing
 O Level 27 Armour
 O Level 27 Dodging
 - Level 4.2 Stealth
 O Level 27 Spellcasting
 O Level 27 Hexes
 - Level 15.5 Charms
 - Level 14.4 Summonings
 O Level 27 Necromancy
 - Level 12.1 Translocations
 O Level 27 Transmutations
 O Level 27 Air Magic
 + Level 20.9 Earth Magic
 - Level 15.3 Invocations
 - Level 13.4 Evocations


You couldn't memorise any spells.
You knew the following spells:

 Your Spells              Type           Power        Failure   Level  Hunger
a - Blink                 Tloc           N/A          1%          2    N/A
b - Passage of Golubria   Tloc           N/A          1%          4    N/A
c - Invisibility          Hex            #######.     1%          6    N/A
d - Silence               Hex/Air        #######...   0%          5    N/A
e - Haste                 Chrm           ######..     1%          6    N/A
f - Deflect Missiles      Chrm/Air       #######...   1%          6    N/A
g - Discord               Hex            #######...   2%          8    N/A
h - Necromutation         Trmt/Necr      ########..   2%          8    N/A
i - Aura of Abjuration    Summ           ######....   1%          5    N/A
j - Lee's Rapid Deconstr  Erth           #######...   1%          5    N/A
k - Haunt                 Necr/Summ      #######...   1%          7    N/A
l - Tornado               Air            #######...   30%         9    N/A
m - Shatter               Erth           #######...   98%         9    N/A

Dungeon Overview and Level Annotations

Branches:
Dungeon (1/1)

Altars:
Cheibriados
Dithmenos
Fedhas
Gozag
Kikubaaqudgha
Makhleb
Okawaru
Pakellas
Qazlal
Ru
Sif Muna
Trog
Vehumet
Xom
Yredelemnul
Zin
The Shining One
Jiyva
Lugonu

Shops:
D [%??*?*:[((!!!!


Innate Abilities, Weirdness & Mutations

You are resistant to damage.
You can recharge devices by infusing magical energy.
You resist negative energy.
You passively map a large area around you.
You do not regenerate naturally.
You have a pair of small horns on your head.


Message History

No target in view!
There is a staircase leading out of the dungeon here.
Items here: ( )) [ a leather armour; 16 arrows; an uncursed short sword; a shortbow of freezing You see here a long sword.
You slice the smoke demon!! Your headbutt misses the smoke demon.
The smoke demon is severely wounded.
You open the smoke demon like a pillowcase!!!
You kill the smoke demon!
Makhleb accepts your kill.
You feel better.
Health restored: 298 No target in view!
No target in view!
There is a staircase leading out of the dungeon here.
Items here: ( )) [ a leather armour; 16 arrows; an uncursed short sword; a shortbow of freezing You can't go down here!
Okay, then.
You have escaped!

#_.[......# ###..[......###
#).))(.......[#
######[8(.(.....[8.######
##∩___.()((.###[.)[..___∩##
###:......(.8.##.[8.......[∩###
##..)(.([..().)#......[..[.....##
#⌠.......(()##.[.)..#..........⌠#
#⌠..)[..)"..###.L).##...[.[....⌠#
#⌠....[..).)##.(.).#......[....⌠#
##......).[...[.........[......##
###∩.....)[..)#)..8........∩###
##∩.__.))[)....)....._._∩##
######[[[[[.[))[...######
#[[[)...[[..[)# ###[[[[..[.)###
#_......)_#


There were no monsters in sight!

Vanquished Creatures
  Cerebov (D)
  Khufu (D)
  Mara (D)
  Ignacio (D)
  Ereshkigal (D)
  Dispater (D)
  Tiamat (D)
  5 greater mummies (D)
  8 ancient liches (D)
  Agnes (D)
  A shard shrike (shapeshifter) (D)
  A Killer Klown (D)
  8 pandemonium lords (D)
  A caustic shrike (shapeshifter) (D)
  A golden dragon (D)
  A Brimstone Fiend (D)
  2 electric golems (D)
  2 Hell Sentinels (D)
  15 Orb Guardians (D)
  Ilsuiw (D)
  2 Ice Fiends (D)
  A titan (shapeshifter) (D)
  9 titans (D)
  A quicksilver dragon (D)
  A quicksilver dragon (shapeshifter) (D)
  54 Executioners (D)
  14 sphinxes (D)
  A storm dragon (D)
  14 greater nagas (D)
  12 ghost moths (D)
  4 balrugs (D)
  4 emperor scorpions (D)
  3 iron dragons (D)
  2 cacodemons (D)
  2 ophanim (D)
  3 stone giants (D)
  A black sun (D)
  A dire elephant (D)
  An eidolon (D)
  2 vault guards (D)
  A fire dragon (D)
  2 blizzard demons (D)
  2 mummy priests (D)
  3 yaktaur captains (D)
  6 great orbs of eyes (D)
  A wizard (D)
  A monstrous demonspawn (D)
  3 hell beasts (D)
  3 anacondas (D)
  24 spriggan air magi (D)
  A dancing weapon (D)
  4 iron elementals (D)
  6 sun demons (D)
  3 soul eaters (D)
  2 spriggan berserkers (D)
  Nergalle (D)
  A deep elf knight (D)
  2 iron trolls (D)
  19 skeletal warriors (D)
  2 sea snakes (D)
  An unseen horror (shapeshifter) (D)
  A death scarab (D)
  12 death drakes (D)
  A death drake (shapeshifter) (D)
  A deep troll (D)
  4 hill giants (D)
  A harpy (shapeshifter) (D)
  4 anubis guards (D)
  A deep elf archer (D)
  2 phantasmal warriors (D)
  9 shining eyes (D)
  A mana viper (shapeshifter) (D)
  An orb spider (shapeshifter) (D)
  3 deep elf magi (D)
  A salamander (shapeshifter) (D)
  A faun (D)
  6 wolf spiders (D)
  6 orb spiders (D)
  A manticore (shapeshifter) (D)
  7 moths of wrath (D)
  4 hornets (D)
  8 guardian serpents (D)
  3 rust devils (D)
  A black mamba (shapeshifter) (D)
  A sixfirhy (D)
  6 eyes of devastation (D)
  3 orange demons (D)
  A smoke demon (D)
  2 spiny frogs (D)
  An efreet (D)
  A hellion (D)
  3 tormentors (D)
  11 yaktaurs (D)
  5 red devils (D)
  3 guardian mummies (D)
  4 ice devils (D)
  A two-headed ogre (D)
  2 trolls (D)
  6 wind drakes (D)
  A blink frog (D)
  4 polar bears (D)
  A raiju (shapeshifter) (D)
  30 boulder beetles (D)
  A boulder beetle (shapeshifter) (D)
  2 flying skulls (D)
  A large abomination (D)
  A spriggan (shapeshifter) (D)
  A tarantella (shapeshifter) (D)
  4 air elementals (D)
  2 hogs (shapeshifter) (D)
  2 wraiths (D)
  7 redbacks (D)
  3 ynoxinuls (D)
  A fire elemental (D)
  5 golden eyes (D)
  2 hippogriffs (shapeshifter) (D)
  A neqoxec (D)
  11 vampire mosquitoes (D)
  4 insubstantial wisps (D)
  2 giant eyeballs (D)
  A giant eyeball (shapeshifter) (D)
  Purgy (D)
  A black bear (D)
  7 sky beasts (D)
  7 wasps (D)
  A black bear (shapeshifter) (D)
  3 eyes of draining (D)
  4 ogres (D)
  A necrophage (D)
  4 wolves (D)
  4 giant frogs (D)
  An earth elemental (D)
  A gnoll sergeant (D)
  A hound (D)
  A gnoll shaman (D)
  An iron imp (D)
  5 mummies (D)
  A gnoll (D)
  An ufetubus (D)
  An adder zombie (D)
  A worm (D)
  A bat zombie (D)
  4 giant cockroaches (D)
  2 quokkas (D)
  2 rats (D)
546 creatures vanquished.

Vanquished Creatures (collateral kills)
  Dissolution (D)
  A quicksilver dragon (D)
  2 Executioners (D)
  A shadow dragon (shapeshifter) (D)
  2 spriggan air magi (D)
  An iron elemental (D)
  A soul eater (D)
  A death drake (D)
  2 shambling mangroves (D)
  3 orb spiders (D)
  2 wolf spiders (D)
  5 shining eyes (D)
  A redback (D)
  A wasp (D)
24 creatures vanquished.

Vanquished Creatures (others)
  An eldritch tentacle (D)
  A lorocyproca (D)
  A sun demon (D)
  A moth of wrath (D)
  2 eyes of devastation (D)
  A boulder beetle (D)
  A golden eye (D)
  2 ball lightnings (D)
  38 eldritch tentacle segments (D)
48 creatures vanquished.

Grand Total: 618 creatures vanquished

Notes
Turn   | Place    | Note
--------------------------------------------------------------
     0 | D        | pipel the Deep Dwarf Berserker began the quest for the Orb.
     0 | D        | Reached XP level 1. HP: 20/20 MP: 1/1
     1 | D        | Found a glowing silver altar of Zin.
     1 | D        | Found an oddly glowing altar of Pakellas.
     2 | D        | Found a corrupted altar of Lugonu.
     2 | D        | Found a deep blue altar of Sif Muna.
     3 | D        | Found a shimmering altar of Xom.
     4 | D        | Found Taryojoin's Identification Station.
     4 | D        | Found a blossoming altar of Fedhas.
     4 | D        | Found a viscous altar of Jiyva.
     4 | D        | Found Usmeh's Bee Food.
     5 | D        | Found Loavvis's Advanced Armour.
     5 | D        | Found Tuziaz's Jewellery.
     5 | D        | Round 1.
     9 | D        | Found a stormy altar of Qazlal.
    13 | D        | Bought a glittering ruby amulet for 45 gold pieces
    13 | D        | Bought a faintly glowing lapis lazuli ring for 45 gold pieces
    13 | D        | Bought a fine pewter ring for 45 gold pieces
    13 | D        | Identified the amulet of the Tarantula {Spirit *Drain rElec rF++ Dex-2} (You bought it in a shop in the Dungeon)
    14 | D        | Identified the ring of Tochol {rC+ MR+ Str+2 Int+2} (You bought it in a shop in the Dungeon)
    15 | D        | Identified the ring of Baufodgh {rC+ AC+3} (You bought it in a shop in the Dungeon)
    25 | D        | Found an opulent altar of Gozag.
    25 | D        | Found Cobbuno's Magic Scroll Shop.
    26 | D        | Found Hiec's Magic Scroll Shop.
    26 | D        | Found Tunny's Must-Have Magic.
    27 | D        | Found a bloodstained altar of Trog.
    27 | D        | Found Vaoril's Staff Store.
    31 | D        | Found an ancient bone altar of Kikubaaqudgha.
    32 | D        | Found an iron altar of Okawaru.
    33 | D        | Found a basalt altar of Yredelemnul.
    34 | D        | Found Wifoic's Distillery.
    35 | D        | Found Dawiozuhi's Distillery.
    35 | D        | Found Zeucw's Bottled Wisdom.
    36 | D        | Found a sacrificial altar of Ru.
    36 | D        | Found a shadowy altar of Dithmenos.
    36 | D        | Found Cucam's Do-It-Yourself Clinic.
    40 | D        | Found a burning altar of Makhleb.
    41 | D        | Found a glowing golden altar of the Shining One.
    42 | D        | Found a radiant altar of Vehumet.
    43 | D        | Found Bucipt's Weapon Rack.
    47 | D        | Found Viosmeag's Basic Armour.
    47 | D        | Found Coiqier's Miscellaneous Merchandise.
    48 | D        | Found a snail-covered altar of Cheibriados.
    48 | D        | Found Musi's Premium Goods.
    49 | D        | Noticed Purgy
    70 | D        | Killed Purgy
    70 | D        | Reached ** piety under Trog
    70 | D        | Reached skill level 5 in Fighting
    70 | D        | Reached XP level 2. HP: 26/32 MP: 0/2
    70 | D        | Reached XP level 3. HP: 31/39 MP: 0/3
    70 | D        | Reached XP level 4. HP: 37/46 MP: 0/4
    93 | D        | Arena points: 12 (+12) [x2]
   151 | D        | Round 2.
   169 | D        | Bought a bound iron amulet for 45 gold pieces
   170 | D        | Identified the amulet "Loasux" {rElec Regen+ Dex+2} (You bought it in a shop in the Dungeon)
   201 | D        | Reached *** piety under Trog
   209 | D        | Reached skill level 5 in Dodging
   241 | D        | Reached **** piety under Trog
   241 | D        | Arena points: 48 (+36) [x3]
   255 | D        | Bought a translucent iron amulet for 45 gold pieces
   256 | D        | Identified the amulet "Jaihoysh" {RegenMP rPois MP+9 Str+2 Int-5} (You bought it in a shop in the Dungeon)
   289 | D        | Round 3.
   290 | D        | Noticed a wolf
   297 | D        | Received a gift from Trog
   300 | D        | Killed a wolf
   300 | D        | Reached skill level 1 in Evocations
   300 | D        | Reached XP level 5. HP: 34/56 MP: 5/5
   346 | D        | Reached XP level 6. HP: 22/66 MP: 7/7
   375 | D        | Reached ***** piety under Trog
   375 | D        | Arena points: 132 (+84) [x4]
   426 | D        | Round 4.
   436 | D        | Noticed a blink frog
   442 | D        | Killed a blink frog
   442 | D        | Reached XP level 7. HP: 55/75 MP: 8/8
   453 | D        | Noticed a spiny frog
   456 | D        | Killed a spiny frog
   456 | D        | Reached skill level 10 in Axes
   456 | D        | Reached skill level 1 in Throwing
   456 | D        | Reached skill level 10 in Dodging
   478 | D        | Received a gift from Trog
   501 | D        | Reached XP level 8. HP: 61/85 MP: 5/8
   524 | D        | Arena points: 272 (+140) [x5]
   543 | D        | Bought a pair of encrusted boots for 332 gold pieces
   548 | D        | Identified the +2 pair of boots "Totenel" {Regen+ rCorr} (You bought it in a shop in the Dungeon)
   596 | D        | Round 5.
   603 | D        | Noticed a witch
   605 | D        | Noticed a spiny frog
   615 | D        | Killed a spiny frog
   615 | D        | Reached skill level 5 in Armour
   624 | D        | Killed a witch
   624 | D        | Arena points: 552 (+280) [x7]
   624 | D        | Reached skill level 10 in Fighting
   624 | D        | Gained mutation: You passively map the area around you. [Deep Dwarf growth]
   624 | D        | Reached XP level 9. HP: 65/94 MP: 6/9
   625 | D        | Got a decaying rune of Zot
   626 | D        | Reached XP level 10. HP: 75/103 MP: 6/10
   822 | D        | Round 6.
   830 | D        | Noticed a deep elf mage
   831 | D        | Noticed a trident of freezing
   843 | D        | Killed a trident of freezing
   846 | D        | Killed a deep elf mage
   882 | D        | Noticed a deep elf archer
   884 | D        | Noticed a deep elf mage
   897 | D        | Killed a deep elf mage
   897 | D        | Received a gift from Trog
   907 | D        | Killed a deep elf archer
   907 | D        | Reached ****** piety under Trog
   907 | D        | Received a gift from Trog
   907 | D        | Reached skill level 15 in Dodging
   914 | D        | Noticed a deep elf mage
   922 | D        | Killed a deep elf mage
   923 | D        | Noticed a deep elf knight
   935 | D        | Killed a deep elf knight
   942 | D        | Noticed an eight-headed hydra
   942 | D        | an eight-headed hydra changed into a slime creature
   947 | D        | Noticed a water nymph
   947 | D        | a merfolk changed into a water nymph
   954 | D        | Noticed a manticore
   954 | D        | a water nymph changed into a manticore
   956 | D        | Killed a manticore
   956 | D        | Received a gift from Trog
   956 | D        | Arena points: 984 (+432) [x8]
   961 | D        | Gained mutation: You are partially covered in icy blue scales (AC +1). [mutagenic meat]
   975 | D        | Bought a pair of fine gloves for 332 gold pieces
   980 | D        | Identified the +4 pair of gloves of the Bagpipe {Dex+6} (You bought it in a shop in the Dungeon)
  1002 | D        | Round 7.
  1003 | D        | Noticed a rust devil
  1015 | D        | Killed a rust devil
  1015 | D        | Reached XP level 11. HP: 88/115 MP: 11/11
  1035 | D        | Noticed an iron troll
  1045 | D        | Killed an iron troll
  1061 | D        | Reached skill level 15 in Axes
  1081 | D        | Arena points: 1488 (+504) [x9]
  1103 | D        | Bought a dazzling cloak for 332 gold pieces
  1108 | D        | Identified the cursed +0 cloak of the Bulwark {rPois Str-5 Dex+8} (You bought it in a shop in the Dungeon)
  1113 | D        | Round 8.
  1121 | D        | Noticed Nergalle
  1128 | D        | Noticed an eidolon
  1136 | D        | Noticed a phantasmal warrior
  1139 | D        | Noticed a phantasmal warrior
  1143 | D        | Killed an eidolon
  1145 | D        | Killed a phantasmal warrior
  1147 | D        | Killed a phantasmal warrior
  1152 | D        | Killed Nergalle
  1152 | D        | Received a gift from Trog
  1163 | D        | Arena points: 2048 (+560) [x10]
  1173 | D        | Round 9.
  1173 | D        | Noticed an orb spider
  1173 | D        | a shapeshifter changed into an orb spider
  1178 | D        | Noticed a mana viper
  1198 | D        | Killed a mana viper
  1203 | D        | Killed an orb spider
  1214 | D        | Killed an unseen horror
  1238 | D        | Arena points: 2939 (+891) [x11]
  1245 | D        | Bought a jewelled cloak for 332 gold pieces
  1253 | D        | Round 10.
  1254 | D        | Noticed Ilsuiw
  1278 | D        | Killed Ilsuiw
  1278 | D        | Received a gift from Trog
  1278 | D        | Arena points: 4109 (+1170) [x13]
  1278 | D        | Reached XP level 12. HP: 123/123 MP: 11/11
  1279 | D        | Got a shimmering platinum ring
  1279 | D        | Got a barnacled rune of Zot
  1283 | D        | Reached XP level 13. HP: 118/130 MP: 12/12
  1293 | D        | Bought 15 scrolls of remove curse for 450 gold pieces
  1304 | D        | Identified the +1 cloak of the Cricket {-Cast rCorr Str+4 Stlth+} (You bought it in a shop in the Dungeon)
  1307 | D        | Identified the ring "Xoruymme" {rPois rF+ MR++ MP-9 Int+3} (You found it in the Dungeon)
  1325 | D        | Bought a smoking helmet for 332 gold pieces
  1330 | D        | Identified the cursed +0 helmet of Unambiguity {*Drain rElec SInv} (You bought it in a shop in the Dungeon)
  1330 | D        | Bought a jewelled hat for 315 gold pieces
  1341 | D        | Identified the cursed +0 hat of Amorality {rElec rF+ Str+6 Dex-2} (You bought it in a shop in the Dungeon)
  1470 | D        | Round 11.
  1564 | D        | Received a gift from Trog
  1589 | D        | Arena points: 5649 (+1540) [x14]
  1646 | D        | Round 12.
  1659 | D        | Reached skill level 10 in Armour
  1684 | D        | Received a gift from Trog
  1765 | D        | Arena points: 7449 (+1800) [x15]
  1778 | D        | Bought a +0 gold dragon armour for 960 gold pieces
  1832 | D        | Round 13.
  1860 | D        | Received a gift from Trog
  1970 | D        | Received a gift from Trog
  1970 | D        | Arena points: 10153 (+2704) [x16]
  1988 | D        | Bought 4 scrolls of enchant armour for 300 gold pieces
  1988 | D        | Bought 8 scrolls of enchant weapon for 600 gold pieces
  2033 | D        | Round 14.
  2162 | D        | Reached skill level 15 in Fighting
  2168 | D        | Received a gift from Trog
  2208 | D        | Arena points: 13723 (+3570) [x17]
  2219 | D        | Bought 4 scrolls of enchant armour for 300 gold pieces
  2220 | D        | Bought 4 scrolls of enchant armour for 300 gold pieces
  2234 | D        | Round 15.
  2272 | D        | Received a gift from Trog
  2273 | D        | Got a scorched executioner's axe {god gift}
  2274 | D        | Identified the +10 executioner's axe of the World {holy, rPois Str+6 Int+3} (Trog gifted it to you in the Dungeon)
  2291 | D        | Noticed a dire elephant
  2302 | D        | Killed a dire elephant
  2320 | D        | Noticed Agnes
  2332 | D        | Received a gift from Trog
  2365 | D        | Killed Agnes
  2365 | D        | Arena points: 16858 (+3135) [x19]
  2366 | D        | Got a mossy rune of Zot
  2367 | D        | Gained mutation: You resist negative energy. [Deep Dwarf growth]
  2367 | D        | Reached XP level 14. HP: 33/147 MP: 12/12
  2382 | D        | Bought a potion of ambrosia for 56 gold pieces
  2382 | D        | Bought a potion of ambrosia for 56 gold pieces
  2382 | D        | Bought 3 potions of haste for 210 gold pieces
  2531 | D        | Round 16.
  2568 | D        | Received a gift from Trog
  2595 | D        | Arena points: 18778 (+1920) [x20]
  2610 | D        | Round 17.
  2636 | D        | Gained mutation: You are dopey. (Int -2) [a shining eye]
  2653 | D        | Gained mutation: Your body sometimes deteriorates upon taking damage. [a shining eye]
  2653 | D        | Gained mutation: Your magical capacity is low (-10% MP). [a shining eye]
  2654 | D        | Gained mutation: Armour fits poorly on your strangely shaped body. [a shining eye]
  2656 | D        | Gained mutation: You occasionally shout uncontrollably at your foes. [a shining eye]
  2657 | D        | Received a gift from Trog
  2658 | D        | Gained mutation: You tend to lose your temper in combat. [a shining eye]
  2661 | D        | Gained mutation: Your muscles are strong. (Str +2) [a shining eye]
  2663 | D        | Gained mutation: You are very dopey. (Int -4) [a shining eye]
  2667 | D        | Gained mutation: Scrolls take you a little longer to read. [a shining eye]
  2691 | D        | Lost mutation: Your muscles are strong. (Str +2) [a shining eye]
  2701 | D        | Gained mutation: You sometimes yell uncontrollably at your foes. [a shining eye]
  2717 | D        | Gained mutation: Scrolls take you longer to read. [a shining eye]
  2720 | D        | Reached XP level 15. HP: 154/154 MP: 11/11
  2721 | D        | Gained mutation: You are frail (-10% HP). [a shining eye]
  2722 | D        | Gained mutation: You are weak. (Str -2) [a shining eye]
  2724 | D        | Received a gift from Trog
  2724 | D        | Gained mutation: Your body often deteriorates upon taking damage. [a shining eye]
  2733 | D        | Arena points: 24133 (+5355) [x21]
  2759 | D        | Bought 3 potions of cure mutation for 525 gold pieces
  2759 | D        | Lost mutation: You are weak. (Str -2) [potion of cure mutation]
  2759 | D        | Lost mutation: Your body often deteriorates upon taking damage. [potion of cure mutation]
  2759 | D        | Lost mutation: You are partially covered in icy blue scales (AC +1). [potion of cure mutation]
  2759 | D        | Lost mutation: Your body sometimes deteriorates upon taking damage. [potion of cure mutation]
  2759 | D        | Lost mutation: You sometimes yell uncontrollably at your foes. [potion of cure mutation]
  2759 | D        | Lost mutation: You occasionally shout uncontrollably at your foes. [potion of cure mutation]
  2759 | D        | Lost mutation: Your magical capacity is low (-10% MP). [potion of cure mutation]
  2760 | D        | Lost mutation: Armour fits poorly on your strangely shaped body. [potion of cure mutation]
  2760 | D        | Lost mutation: Scrolls take you longer to read. [potion of cure mutation]
  2760 | D        | Lost mutation: You are very dopey. (Int -4) [potion of cure mutation]
  2760 | D        | Lost mutation: You are frail (-10% HP). [potion of cure mutation]
  2760 | D        | Lost mutation: Scrolls take you a little longer to read. [potion of cure mutation]
  2761 | D        | Lost mutation: You tend to lose your temper in combat. [potion of cure mutation]
  2761 | D        | Lost mutation: You are dopey. (Int -2) [potion of cure mutation]
  2779 | D        | Round 18.
  2790 | D        | Received a gift from Trog
  2824 | D        | Killed a ghost moth
  2886 | D        | Received a gift from Trog
  2893 | D        | Arena points: 29677 (+5544) [x22]
  2929 | D        | Bought 3 royal jellies for 24 gold pieces
  2929 | D        | Bought 3 royal jellies for 24 gold pieces
  2929 | D        | Bought 3 royal jellies for 24 gold pieces
  2929 | D        | Bought 3 royal jellies for 24 gold pieces
  2929 | D        | Bought 3 royal jellies for 24 gold pieces
  2929 | D        | Bought 3 royal jellies for 24 gold pieces
  2931 | D        | Round 19.
  2961 | D        | Received a gift from Trog
  2970 | D        | Received a gift from Trog
  2974 | D        | Arena points: 36232 (+6555) [x23]
  2992 | D        | Bought an uncursed amulet of the gourmand for 450 gold pieces
  3013 | D        | Round 20.
  3019 | D        | Noticed Mara
  3034 | D        | Killed Mara
  3034 | D        | Arena points: 42732 (+6500) [x25]
  3035 | D        | Got a silver rune of Zot
  3206 | D        | Round 21.
  3221 | D        | Reached skill level 15 in Armour
  3223 | D        | Noticed a titan
  3230 | D        | Killed a titan
  3230 | D        | Received a gift from Trog
  3276 | D        | Noticed an electric golem
  3278 | D        | Reached XP level 16. HP: 177/177 MP: 5/14
  3300 | D        | Killed an electric golem
  3301 | D        | Noticed a storm dragon
  3310 | D        | Killed a storm dragon
  3310 | D        | Received a gift from Trog
  3311 | D        | Got a polished battleaxe {god gift}
  3312 | D        | Identified the +7 battleaxe of Greed {freeze, rElec MR+} (Trog gifted it to you in the Dungeon)
  3328 | D        | Noticed a titan
  3336 | D        | Killed a titan
  3343 | D        | Noticed an electric golem
  3343 | D        | Noticed a titan
  3368 | D        | Killed a titan
  3368 | D        | Received a gift from Trog
  3393 | D        | Killed an electric golem
  3393 | D        | Arena points: 52560 (+9828) [x26]
  3422 | D        | Bought a vibrating tin ring for 45 gold pieces
  3422 | D        | Bought a steaming copper ring for 45 gold pieces
  3422 | D        | Bought a pitted lead ring for 45 gold pieces
  3422 | D        | Bought a scorched bone ring for 45 gold pieces
  3422 | D        | Bought a transparent silver ring for 45 gold pieces
  3423 | D        | Identified the ring of the Camelopard {Fire Str+7 Stlth-} (You bought it in a shop in the Dungeon)
  3425 | D        | Identified the ring of Duboitoq {Fragile +Fly rC+ Dex+2} (You bought it in a shop in the Dungeon)
  3427 | D        | Identified the ring "Tesojont" {+Fly rPois Dex+7} (You bought it in a shop in the Dungeon)
  3429 | D        | Identified the ring of Joy {rC+ AC+6} (You bought it in a shop in the Dungeon)
  3431 | D        | Identified the ring "Olegel" {rF++ MR+++ Str-4 Dex-3 Slay+2} (You bought it in a shop in the Dungeon)
  3433 | D        | Round 22.
  3452 | D        | Reached XP level 17. HP: 177/192 MP: 6/15
  3546 | D        | Arena points: 64440 (+11880) [x27]
  3561 | D        | Bought 4 potions of curing for 84 gold pieces
  3561 | D        | Bought 4 potions of curing for 84 gold pieces
  3561 | D        | Bought 4 potions of curing for 84 gold pieces
  3561 | D        | Bought 4 potions of curing for 84 gold pieces
  3561 | D        | Bought 4 potions of curing for 84 gold pieces
  3587 | D        | Bought a heavily runed bronze ring for 45 gold pieces
  3587 | D        | Bought a steaming platinum ring for 45 gold pieces
  3587 | D        | Bought a fine bronze ring for 45 gold pieces
  3587 | D        | Bought a bound jade ring for 45 gold pieces
  3587 | D        | Bought a transparent silver ring for 45 gold pieces
  3587 | D        | Bought a brightly glowing platinum ring for 45 gold pieces
  3588 | D        | Identified the ring "Ytareuro" {Wiz *Corrode rF+ Str+4} (You bought it in a shop in the Dungeon)
  3590 | D        | Identified the ring "Boihabid" {rC+ Stlth-} (You bought it in a shop in the Dungeon)
  3592 | D        | Identified the ring "Lil Zen" {rF+ Int+3 SInv} (You bought it in a shop in the Dungeon)
  3594 | D        | Identified the ring of Saitik {rElec rPois AC+6 Slay+3} (You bought it in a shop in the Dungeon)
  3596 | D        | Identified the ring of the Jester {rC+ MR+ MP+9 Str-2 Int+3} (You bought it in a shop in the Dungeon)
  3598 | D        | Identified the ring "Xecailee" {+Blink rF+ Slay+3} (You bought it in a shop in the Dungeon)
  3604 | D        | Round 23.
  3701 | D        | Received a gift from Trog
  3729 | D        | Received a gift from Trog
  3747 | D        | Received a gift from Trog
  3766 | D        | Noticed Ignacio
  3772 | D        | Killed Ignacio
  3772 | D        | Arena points: 77320 (+12880) [x28]
  3782 | D        | Bought 5 potions of berserk rage for 175 gold pieces
  3794 | D        | Bought a book of Spatial Translocations for 455 gold pieces
  3794 | D        | Bought a book of Burglary for 525 gold pieces
  3799 | D        | Round 24.
  3842 | D        | Reached skill level 27 in Fighting
  3853 | D        | Gained mutation: You passively map a large area around you. [Deep Dwarf growth]
  3853 | D        | Reached XP level 18. HP: 218/218 MP: 2/16
  3877 | D        | Fell from the grace of Trog
  3877 | D        | Became a worshipper of Makhleb the Destroyer
  3887 | D        | Reached * piety under Makhleb
  3914 | D        | Reached ** piety under Makhleb
  3929 | D        | Reached *** piety under Makhleb
  3933 | D        | Reached skill level 1 in Spellcasting
  3947 | D        | Reached **** piety under Makhleb
  3951 | D        | Reached skill level 5 in Invocations
  3959 | D        | Arena points: 91240 (+13920) [x29]
  3964 | D        | Learned a level 2 spell: Blink
  3980 | D        | Learned a level 4 spell: Passage of Golubria
  3987 | D        | Learned a level 6 spell: Invisibility
  4001 | D        | Round 25.
  4009 | D        | Noticed Dissolution
  4035 | D        | Killed Dissolution
  4035 | D        | Arena points: 102865 (+11625) [x31]
  4035 | D        | Reached skill level 15 in Invocations
  4036 | D        | Got a slimy rune of Zot
  4040 | D        | Reached skill level 10 in Spellcasting
  4040 | D        | Reached XP level 19. HP: 226/226 MP: 7/29
  4055 | D        | Bought a book of Enchantments for 350 gold pieces
  4061 | D        | Learned a level 5 spell: Silence
  4068 | D        | Learned a level 6 spell: Haste
  4220 | D        | Round 26.
  4226 | D        | Reached ***** piety under Makhleb
  4262 | D        | Reached skill level 5 in Hexes
  4264 | D        | Reached skill level 5 in Air Magic
  4277 | D        | Reached ****** piety under Makhleb
  4285 | D        | Noticed a greater mummy
  4297 | D        | Killed a greater mummy
  4338 | D        | Noticed a greater mummy
  4344 | D        | Killed a greater mummy
  4344 | D        | Arena points: 119505 (+16640) [x32]
  4344 | D        | Reached skill level 10 in Hexes
  4344 | D        | Reached skill level 10 in Air Magic
  4391 | D        | Bought 6 potions of resistance for 420 gold pieces
  4391 | D        | Bought 6 potions of brilliance for 168 gold pieces
  4391 | D        | Bought 6 potions of might for 168 gold pieces
  4391 | D        | Bought 6 potions of agility for 168 gold pieces
  4391 | D        | Bought 5 potions of haste for 350 gold pieces
  4391 | D        | Bought 4 potions of haste for 280 gold pieces
  4402 | D        | Round 27.
  4407 | D        | Noticed an ancient lich
  4409 | D        | Killed an ancient lich
  4442 | D        | Reached skill level 5 in Charms
  4451 | D        | Noticed Tiamat
  4493 | D        | Killed Tiamat
  4493 | D        | Reached XP level 20. HP: 215/236 MP: 5/31
  4502 | D        | Reached skill level 10 in Charms
  4533 | D        | Noticed an ancient lich
  4536 | D        | Noticed a Killer Klown
  4539 | D        | Killed an ancient lich
  4539 | D        | Reached skill level 15 in Spellcasting
  4553 | D        | Noticed an ancient lich
  4557 | D        | Reached skill level 15 in Hexes
  4562 | D        | Killed an ancient lich
  4567 | D        | Killed a Killer Klown
  4567 | D        | Arena points: 136434 (+16929) [x33]
  4740 | D        | Round 28.
  4748 | D        | Noticed a greater mummy
  4758 | D        | Noticed a greater mummy
  4771 | D        | Killed a greater mummy
  4772 | D        | Killed a greater mummy
  4781 | D        | Noticed a greater mummy
  4799 | D        | Killed a greater mummy
  4799 | D        | Reached skill level 15 in Charms
  4917 | D        | Arena points: 136938 (+504) [x1]
  4930 | D        | Learned a level 6 spell: Deflect Missiles
  4932 | D        | Round 29.
  4966 | D        | Bought a Necronomicon for 772 gold pieces
  5009 | D        | Gained mutation: You have a pair of small horns on your head. [a cacodemon]
  5071 | D        | Arena points: 137866 (+928) [x2]
  5085 | D        | Learned a level 8 spell: Discord
  5094 | D        | Learned a level 8 spell: Necromutation
  5107 | D        | Round 30.
  5109 | D        | Noticed Dispater
  5130 | D        | Noticed a Tzitzimitl
  5133 | D        | Killed Dispater
  5133 | D        | Arena points: 139786 (+1920) [x4]
  5133 | D        | Reached XP level 21. HP: 232/238 MP: 34/43
  5134 | D        | Got an iron rune of Zot
  5139 | D        | Reached XP level 22. HP: 161/248 MP: 35/44
  5149 | D        | Bought a pair of spiked gloves for 332 gold pieces
  5159 | D        | Identified the +1 pair of gloves of the Bull {rPois MR+} (You bought it in a shop in the Dungeon)
  5170 | D        | Bought a pair of ichor-stained boots for 332 gold pieces
  5180 | D        | Identified the +1 pair of boots of Tarorphakk {+Fly rElec rN++ Int-5} (You bought it in a shop in the Dungeon)
  5197 | D        | Bought a bound brass amulet for 45 gold pieces
  5208 | D        | Bought 3 scrolls of identify for 150 gold pieces
  5208 | D        | Bought 3 scrolls of identify for 150 gold pieces
  5208 | D        | Bought 3 scrolls of identify for 150 gold pieces
  5208 | D        | Identified the amulet "Xumud" {Gourm rN+ Dex+3} (You bought it in a shop in the Dungeon)
  5325 | D        | Round 31.
  5347 | D        | Reached skill level 1 in Necromancy
  5347 | D        | Reached skill level 1 in Transmutations
  5477 | D        | Arena points: 143506 (+3720) [x5]
  5537 | D        | Round 32.
  5544 | D        | Reached skill level 5 in Necromancy
  5545 | D        | Reached skill level 5 in Transmutations
  5553 | D        | Reached skill level 10 in Necromancy
  5565 | D        | Reached skill level 10 in Transmutations
  5598 | D        | Arena points: 147346 (+3840) [x6]
  5608 | D        | Round 33.
  5608 | D        | Noticed Ereshkigal
  5641 | D        | Killed Ereshkigal
  5641 | D        | Arena points: 151834 (+4488) [x8]
  5642 | D        | Got a bone rune of Zot
  5643 | D        | Reached XP level 23. HP: 163/262 MP: 35/46
  5847 | D        | Round 34.
  5973 | D        | Arena points: 157036 (+5202) [x9]
  5990 | D        | Bought 8 scrolls of enchant weapon for 600 gold pieces
  6020 | D        | Bought a book of Summonings for 490 gold pieces
  6026 | D        | Learned a level 5 spell: Aura of Abjuration
  6035 | D        | Round 35.
  6053 | D        | Reached skill level 15 in Necromancy
  6205 | D        | Reached skill level 15 in Transmutations
  6213 | D        | Arena points: 166136 (+9100) [x10]
  6238 | D        | Learned a level 5 spell: Lee's Rapid Deconstruction
  6246 | D        | Round 36.
  6253 | D        | Noticed Khufu
  6260 | D        | Reached skill level 1 in Earth Magic
  6268 | D        | Killed Khufu
  6268 | D        | Arena points: 173912 (+7776) [x12]
  6269 | D        | Got a golden rune of Zot
  6273 | D        | Reached skill level 10 in Earth Magic
  6273 | D        | Reached XP level 24. HP: 191/269 MP: 37/47
  6433 | D        | Round 37.
  6564 | D        | Reached skill level 27 in Spellcasting
  6568 | D        | Arena points: 187380 (+13468) [x13]
  6637 | D        | Round 38.
  6644 | D        | Noticed an ancient lich
  6655 | D        | Reached XP level 25. HP: 273/277 MP: 9/48
  6659 | D        | Killed an ancient lich
  6666 | D        | Noticed an ancient lich
  6666 | D        | Noticed an ancient lich
  6673 | D        | Noticed an ancient lich
  6685 | D        | Killed an ancient lich
  6686 | D        | Noticed a juggernaut
  6686 | D        | a hellephant changed into a juggernaut
  6688 | D        | Killed an ancient lich
  6688 | D        | Reached skill level 10 in Summonings
  6689 | D        | Killed an ancient lich
  6702 | D        | Noticed a shard shrike
  6702 | D        | a juggernaut changed into a shard shrike
  6708 | D        | a shard shrike changed into a titan
  6742 | D        | Noticed a juggernaut
  6742 | D        | a titan changed into a juggernaut
  6748 | D        | Noticed a shard shrike
  6748 | D        | a glowing shapeshifter changed into a shard shrike
  6748 | D        | a juggernaut changed into an iron giant
  6749 | D        | Noticed a shard shrike
  6749 | D        | an iron giant changed into a shard shrike
  6750 | D        | a shard shrike changed into a titan
  6752 | D        | a shard shrike changed into a titan
  6759 | D        | Noticed a shard shrike
  6759 | D        | a hellephant changed into a shard shrike
  6766 | D        | Killed a shard shrike
  6769 | D        | Arena points: 197488 (+10108) [x14]
  6827 | D        | Round 39.
  6852 | D        | Noticed Cerebov
  6894 | D        | Killed Cerebov
  6894 | D        | Arena points: 209344 (+11856) [x16]
  6895 | D        | Got a fiery rune of Zot
  6897 | D        | Reached XP level 26. HP: 110/290 MP: 13/48
  6920 | D        | Learned a level 7 spell: Haunt
  7102 | D        | Round 40.
  7129 | D        | Reached skill level 27 in Necromancy
  7142 | D        | Reached skill level 27 in Transmutations
  7145 | D        | Reached skill level 27 in Axes
  7153 | D        | Arena points: 230424 (+21080) [x17]
  7163 | D        | Bought 5 scrolls of fog for 100 gold pieces
  7163 | D        | Bought 4 scrolls of fog for 80 gold pieces
  7163 | D        | Bought 3 scrolls of fog for 60 gold pieces
  7163 | D        | Bought 5 scrolls of blinking for 375 gold pieces
  7163 | D        | Bought 4 scrolls of blinking for 300 gold pieces
  7163 | D        | Bought 3 scrolls of blinking for 225 gold pieces
  7197 | D        | Round 41.
  7339 | D        | Arena points: 248136 (+17712) [x18]
  7359 | D        | Bought a book of the Sky for 455 gold pieces
  7369 | D        | Learned a level 9 spell: Tornado
  7392 | D        | Bought a crystal ball of energy for 400 gold pieces
  7392 | D        | Bought a quad damage for 400 gold pieces
  7392 | D        | Bought a quad damage for 400 gold pieces
  7392 | D        | Bought a quad damage for 400 gold pieces
  7399 | D        | Round 42.
  7405 | D        | Noticed Ogacioxu the pandemonium lord
  7405 | D        | Noticed Ruzu the pandemonium lord
  7405 | D        | Noticed Touxkiat the pandemonium lord
  7410 | D        | Noticed Master Blaster
  7411 | D        | Noticed Atojuel the pandemonium lord
  7420 | D        | Noticed Maxtya the pandemonium lord
  7421 | D        | Killed Touxkiat the pandemonium lord
  7421 | D        | Reached skill level 27 in Armour
  7422 | D        | Killed Atojuel the pandemonium lord
  7422 | D        | Reached XP level 27. HP: 298/298 MP: 12/48
  7427 | D        | Killed Ogacioxu the pandemonium lord
  7431 | D        | Noticed Rihiulup the pandemonium lord
  7433 | D        | Killed Ruzu the pandemonium lord
  7439 | D        | Killed Maxtya the pandemonium lord
  7443 | D        | Killed Master Blaster
  7443 | D        | Arena points: 264936 (+16800) [x20]
  7443 | D        | Reached skill level 27 in Dodging
  7443 | D        | Reached skill level 27 in Hexes
  7444 | D        | Got a demonic rune of Zot
  7446 | D        | Got the Orb of Zot
  7499 | D        | Noticed Loekkiq the pandemonium lord
  7523 | D        | Killed Loekkiq the pandemonium lord
  7543 | D        | Noticed Oquif the pandemonium lord
  7569 | D        | Killed Oquif the pandemonium lord
  7739 | D        | Reached skill level 27 in Air Magic
  7776 | D        | Bought a scroll of brand weapon for 200 gold pieces
  7790 | D        | Noticed Xerinam the pandemonium lord
  7811 | D        | Killed Xerinam the pandemonium lord
  7811 | D        | Reached skill level 15 in Earth Magic
  7821 | D        | Bought a book of the Earth for 455 gold pieces
  7840 | D        | Learned a level 9 spell: Shatter
  7966 | D        | Escaped with the Orb!

Skill      XL: |  1  2  3  4  5  6  7  8  9 10 11 12 13 14 15 16 17 18 19 20 21 22 23 24 25 26 27 |
---------------+----------------------------------------------------------------------------------+-----
Fighting       | 5 6 7 8 9 10 12 15 20 21 27 | 27.0
Axes           | 6 7 8 9 10 11 12 14 20 21 23 24 26 27 | 27.0
Armour         | 3 4 6 7 9 12 15 17 24 25 27 | 27.0
Dodging        | 4 6 7 9 11 13 15 16 17 21 27 | 27.0
Stealth        | 2 3 4 |  4.2
Evocations     | 1 3 13 | 13.4
Throwing       | 1 2 |  2.7
Spellcasting   | 10 12 23 25 26 27 | 27.0
Invocations    | 15 | 15.3
Translocations | 12 | 12.1
Hexes          | 13 19 21 22 24 27 | 27.0
Air Magic      | 10 11 27 | 27.0
Charms         | 9 15 | 15.5
Necromancy     | 13 18 20 26 27 | 27.0
Transmutations | 11 16 17 23 27 | 27.0
Earth Magic    | 10 20 | 20.9
Summonings     | 3 14 | 14.4
Polearms       | |  0.5

Action                   |  1- 3 |  4- 6 |  7- 9 | 10-12 | 13-15 | 16-18 | 19-21 | 22-24 | 25-27 || total
-------------------------+-------+-------+-------+-------+-------+-------+-------+-------+-------++-------
Melee: Hand axe          |    20 |    47 |       |       |       |       |       |       |       ||    67
       Trident           |       |    17 |     2 |       |       |       |       |       |       ||    19
       War axe           |       |       |    23 |    17 |       |       |       |       |       ||    40
       Battleaxe         |       |       |       |   140 |   320 |   120 |    25 |    19 |   145 ||   769
       Executioner's axe |       |       |       |       |    31 |   109 |   267 |   339 |   370 ||  1116
       Headbutt          |       |       |       |       |       |       |    33 |   151 |   183 ||   367
 Fire: Blowgun           |       |       |       |       |       |     3 |       |       |       ||     3
Throw: Tomahawk          |       |     3 |     2 |     1 |     4 |       |       |       |       ||    10
 Cast: Invisibility      |       |       |       |       |       |       |     1 |       |       ||     1
       Silence           |       |       |       |       |       |       |     3 |     2 |     1 ||     6
       Blink             |       |       |       |       |       |       |     1 |     5 |     2 ||     8
       Deflect Missiles  |       |       |       |       |       |       |     1 |       |     1 ||     2
       Lee's Rapid Decon |       |       |       |       |       |       |       |     9 |       ||     9
       Necromutation     |       |       |       |       |       |       |       |     1 |     8 ||     9
       Haste             |       |       |       |       |       |       |       |       |     4 ||     4
       Haunt             |       |       |       |       |       |       |       |       |     2 ||     2
Invok: Berserk           |     1 |       |     1 |     5 |     3 |     1 |       |       |       ||    11
       Trog's Hand       |       |       |     1 |     5 |    13 |     6 |       |       |       ||    25
       Brothers in Arms  |       |       |       |       |     6 |       |       |       |       ||     6
       Major Destruction |       |       |       |       |       |     1 |     1 |     2 |       ||     4
       Lesser Servant of |       |       |       |       |       |     1 |       |       |       ||     1
       Greater Servant o |       |       |       |       |       |       |     1 |     4 |     4 ||     9
 Abil: Device Recharging |       |     1 |     1 |     1 |     1 |       |     1 |     1 |       ||     6
       End Transformatio |       |       |       |       |       |       |       |       |     1 ||     1
Evoke: Wand              |     1 |     8 |     6 |     6 |     8 |     3 |     2 |     1 |     8 ||    43
       Quad damage       |       |       |       |       |       |       |       |       |     1 ||     1
  Use: Potion            |     1 |     3 |     1 |     1 |     5 |     4 |     5 |     4 |     1 ||    25
       Scroll            |       |       |       |       |    22 |     1 |       |     7 |     7 ||    37
 Stab: Distracted        |       |     1 |       |       |     2 |       |     2 |       |       ||     5
  Eat: Chunk             |       |       |       |    10 |    36 |    14 |    10 |    10 |     5 ||    85
       Bread ration      |       |       |       |       |     1 |       |       |       |       ||     1
       Royal jelly       |       |       |       |       |     3 |       |       |       |       ||     3
Armor: Animal skin       |    10 |     8 |       |       |       |       |       |       |       ||    18
       Ring mail         |       |       |     9 |    40 |     8 |       |       |       |       ||    57
       Gold dragon armou |       |       |       |       |   160 |   295 |   169 |   181 |   821 ||  1626
Dodge: Dodged            |    21 |    45 |     9 |   122 |   177 |   256 |   215 |   278 |   811 ||  1934
       Deflected         |       |       |       |       |       |       |    12 |     5 |     8 ||    25
